 Dungeon Crawl Stone Soup version 0.21.1-1-g345015f (webtiles) character file.

1489 teukkam the Cleaver (level 8, -5/109 HPs)
             Began as a Minotaur Berserker on Feb 15, 2018.
             Was an Elder of Trog.
             Slain by an orc warrior
             ... wielding a +0 battleaxe
              (21 damage)
             ... on level 6 of the Dungeon.
             The game lasted 00:17:14 (4918 turns).

teukkam the Cleaver (Minotaur Berserker)            Turns: 4918, Time: 00:17:15

Health: -5/109     AC:  6    Str: 28    XL:     8   Next: 51%
Magic:  7/7        EV: 13    Int:  4    God:    Trog [****..]
Gold:   257        SH:  0    Dex: 11    Spells: 7/7 levels left

rFire    . . .     SeeInvis .   a - +1 hand axe (chop)
rCold    . . .     Gourm    .   (no shield)
rNeg     . . .     Faith    .   A - +1 leather armour {MR+}
rPois    .         Spirit   .   (helmet restricted)
rElec    .         Reflect  .   (no cloak)
rCorr    .         Harm     .   h - +0 pair of gloves
MR       +....                  (no boots)
Stlth    ..........             (no amulet)
HPRegen  0.28/turn              (no ring)
MPRegen  0.10/turn              (no ring)

@: berserking, very quick
A: retaliatory headbutt, horns 2
a: Berserk, Trog's Hand, Brothers in Arms, Burn Spellbooks, Renounce Religion


You were on level 6 of the Dungeon.
You worshipped Trog.
Trog was greatly pleased with you.
You were hungry.

You visited 1 branch of the dungeon, and saw 6 of its levels.

You collected 322 gold pieces.
You spent 65 gold pieces at shops.

Inventory:

Hand Weapons
 a - a +1 hand axe of chopping (weapon)
 b - a +2 dire flail of holy wrath
 u - a +3 arbalest
 x - a +1 dagger of venom
 F - a +2 long sword of slicing
Missiles
 f - 6 curare-tipped needles
 r - 8 needles of confusion
 D - 2 tomahawks of returning (quivered)
 E - 4 poisoned tomahawks
Armour
 h - a +0 pair of gloves (worn)
 A - a +1 leather armour of magic resistance (worn)
Jewellery
 d - an uncursed ring of protection from fire {unknown}
 g - a +4 ring of slaying {unknown}
 B - a cursed ring of teleportation {unknown}
Wands
 o - a wand of random effects (8)
 y - a wand of digging (14)
Scrolls
 i - 2 scrolls of fear {unknown}
 j - a scroll of fog {unknown}
 k - 3 scrolls of teleportation {unknown}
 l - 3 scrolls of blinking {unknown}
 p - 2 scrolls of identify {unknown}
 s - 3 scrolls of remove curse {unknown}
 t - 2 scrolls of magic mapping {unknown}
Potions
 e - 2 potions of agility
 m - a potion of haste {unknown}
 n - 3 potions of curing {unknown}
 v - a potion of mutation {unknown}
 z - a potion of resistance
 G - a potion of flight {unknown}
Books
 q - a book of Misfortune

   Spells                             Type                      Level
   a - Confusing Touch                Hexes                        1
   b - Confuse                        Hexes                        3
   c - Gell's Gravitas                Translocation                3
   d - Petrify                        Transmutation/Earth          4
   e - Metabolic Englaciation         Hexes/Ice                    5
   f - Yara's Violent Unravelling     Hexes/Transmutation          5
   Trog disapproves of the use of such an item.
 w - a book of Minor Magic

   Spells                             Type                      Level
   a - Magic Dart                     Conjuration                  1
   b - Blink                          Translocation                2
   c - Call Imp                       Summoning                    2
   d - Slow                           Hexes                        2
   e - Conjure Flame                  Conjuration/Fire             3
   f - Mephitic Cloud                 Conjuration/Poison/Air       3
   Trog disapproves of the use of such an item.
Comestibles
 c - 10 rations
 C - 3 chunks of flesh


   Skills:
 + Level 7.2 Fighting
 + Level 8.7 Axes
 - Level 0.7(5.4) Maces & Flails
 - Level 0.1 Throwing
 + Level 6.6 Armour
 + Level 4.4 Dodging
 - Level 0.6 Stealth


You had 7 spell levels left.
You didn't know any spells.

Dungeon Overview and Level Annotations

Branches:
Dungeon (6/15)             Temple (0/1) D:6

Altars:
Elyvilon
Qazlal
Ru
Trog
Wu Jian
Xom
Zin
The Shining One

Shops:
D:4 }   D:5 }   D:6 !


Innate Abilities, Weirdness & Mutations

You reflexively headbutt those who attack you in melee.
You have a pair of horns on your head.


Message History

A red film seems to cover your vision as you go berserk!
You feel yourself moving faster!
You feel mighty!
You are feeling hungry.
The orc warrior hits you with a battleaxe!!
* * * LOW HITPOINT WARNING * * *
The ogre hits you but does no damage.
You hit the orc priest. Your headbutt misses the orc priest.
The orc priest is heavily wounded.
You hit the orc warrior but do no damage.
You completely miss the ogre. You hit the orc priest.
The orc priest is almost dead.
You slash the orc!
You kill the orc!
Trog accepts your kill.
You closely miss the orc warrior. You slash the ogre!
You kill the ogre!
Trog accepts your kill.
The orc warrior hits you with a battleaxe!!
You die...

#......##...##...####...#########
#########'####...................
#........................ .
........................
...(....................
........................ ########
........................ #......#
#####...############'###
.<.....## #.o@# #..###....
........+ #.)o).....#.........
........# #.........#.........
#.....>## #......<..#.........
######## #.........#....).... #
#.........#....))).. #
######...##..)##.... #
#####...##.... # #..........


You could see an orc warrior and an orc priest.

Vanquished Creatures
  The ghost of shakethe the Cudgeler, a novice GrFi (D:4)
  Edmund (D:4)
  2 sky beasts
  2 orc warriors (D:6)
  2 ogres
  A bullfrog (D:2)
  2 crimson imps (D:5)
  A jelly (D:6)
  Natasha (twice) (D:4)
  5 orc wizards
  3 worker ants
  A killer bee zombie (D:5)
  A howler monkey skeleton (D:4)
  5 adders
  2 oozes
  A worm (D:6)
  2 dart slugs
  3 leopard geckos
  23 orcs
  4 giant cockroaches
  5 goblins
  6 hobgoblins
  3 kobolds
  3 quokkas
  4 bats
  3 frilled lizards
  A jackal skeleton (D:4)
  A leopard gecko skeleton (D:4)
  A quokka skeleton (D:5)
  13 rats
104 creatures vanquished.

Vanquished Creatures (others)
  A giant cockroach (D:3)
1 creature vanquished.

Grand Total: 105 creatures vanquished

Notes
Turn   | Place    | Note
-------+----------+-------------------------------------------
     0 | D:1      | teukkam the Minotaur Berserker began the quest for the Orb.
     0 | D:1      | Reached XP level 1. HP: 19/19 MP: 0/0
    39 | D:1      | Reached XP level 2. HP: 26/27 MP: 1/1
    68 | D:1      | Reached skill level 4 in Axes
   615 | D:2      | Reached XP level 3. HP: 24/34 MP: 2/2
   634 | D:2      | Noticed a bullfrog
   639 | D:2      | Killed a bullfrog
   639 | D:2      | Reached skill level 5 in Axes
   639 | D:2      | Reached XP level 4. HP: 26/41 MP: 3/3
   647 | D:2      | Reached ** piety under Trog
   657 | D:3      | Found a white marble altar of Elyvilon.
  1040 | D:2      | Found a shimmering altar of Xom.
  1233 | D:2      | Found a bloodstained altar of Trog.
  1283 | D:2      | Found a glowing golden altar of the Shining One.
  1597 | D:3      | Reached XP level 5. HP: 47/47 MP: 4/4
  1936 | D:4      | Noticed Natasha
  1947 | D:3      | Reached skill level 5 in Fighting
  2168 | D:4      | Noticed an ogre
  2174 | D:4      | HP: 2/48 [ogre/giant club (17)]
  2180 | D:4      | Killed an ogre
  2180 | D:4      | Reached XP level 6. HP: 4/56 MP: 5/5
  2411 | D:4      | Noticed shakethe's ghost (novice GrFi)
  2416 | D:4      | Killed shakethe's ghost
  2416 | D:4      | Reached skill level 6 in Axes
  2416 | D:4      | Reached skill level 5 in Armour
  2416 | D:4      | Reached XP level 7. HP: 56/62 MP: 6/6
  2466 | D:4      | Noticed Edmund
  2474 | D:4      | Killed Edmund
  2483 | D:4      | Found a sacrificial altar of Ru.
  2534 | D:4      | Reached *** piety under Trog
  2569 | D:4      | Found Anarghev's Gadget Shoppe.
  2577 | D:4      | Bought a wand of random effects (8) for 65 gold pieces
  2582 | D:4      | Found an ornate altar of the Wu Jian Council.
  2684 | D:4      | Killed Natasha
  2684 | D:4      | Reached skill level 7 in Axes
  2852 | D:4      | Noticed Natasha
  2858 | D:4      | Killed Natasha
  3176 | D:5      | Entered Level 5 of the Dungeon
  3259 | D:5      | Found a stormy altar of Qazlal.
  3402 | D:5      | Found Fumn's Gadget Emporium.
  3456 | D:5      | Found a glowing silver altar of Zin.
  3850 | D:6      | Reached XP level 8. HP: 20/71 MP: 7/7
  4248 | D:6      | Reached skill level 8 in Axes
  4625 | D:6      | Found Caal's Distillery.
  4646 | D:6      | Found a staircase to the Ecumenical Temple.
  4752 | D:6      | Reached **** piety under Trog
  4918 | D:6      | Slain by an orc warrior

Skill      XL: |  1  2  3  4  5  6  7  8 |
---------------+-------------------------+-----
Fighting       | 4 5 6 7 |  7.2
Axes           | 4 5 6 7 8 |  8.7
Armour         | 3 4 5 6 |  6.6
Dodging        | 3 4 |  4.4
Maces & Flails | |  0.7
Throwing       | |  0.1
Stealth        | |  0.6

Action                   |  1- 3 |  4- 6 |  7- 9 || total
-------------------------+-------+-------+-------++-------
Melee: Hand axe          |    36 |    67 |   131 ||   234
       Headbutt          |     6 |     6 |    29 ||    41
       Dire flail        |       |       |     8 ||     8
       Dagger            |       |       |     5 ||     5
       Long sword        |       |       |     4 ||     4
Throw: Tomahawk          |       |       |     5 ||     5
Invok: Berserk           |       |     1 |     5 ||     6
  Use: Potion            |       |     1 |       ||     1
  Eat: Chunk             |       |     4 |     3 ||     7
       Ration            |       |     1 |     2 ||     3
Armor: Animal skin       |     3 |       |       ||     3
       Ring mail         |     3 |    25 |    25 ||    53
       Leather armour    |       |       |    10 ||    10
Dodge: Dodged            |    18 |    31 |    78 ||   127
